| TOP OF THE 1ST |
|
Mississippi State University Bulldogs batting - Pitching for Coastal Carolina University Chanticleers : RHP Raymond Goodwin
|
|
Pitching: RHP Raymond Goodwin
|
|
|
Batting: LHB Danny Shanahan
|
0-0: Ball 1-0: Ball 2-0: Ball 3-0: Called Strike 3-1: Base on Balls
|
|
Batting: LHB Vinnie Kalman
|
0-0: Called Strike 0-1: Swinging Strike 0-2: Foul Ball, location: 2F 0-2: Ball 1-2: Strikes out swinging
|
|
Batting: RHB Alvin Abarca
|
0-0: Ball Danny Shanahan steals 2nd base 1-0: Ball 2-0: Ball 3-0: Base on Balls
|
|
Batting: RHB Josh Stene
|
0-0: Called Strike 0-1: Called Strike 0-2: SINGLE (Groundball, 56S, EV 75.0 MPH) (infield hit) Danny Shanahan to third Alvin Abarca to second
|
|
Batting: RHB Benjamin Alderdice
|
0-0: Grounds into double play, 6-4-3 (Groundball, 6, EV 94.4 MPH)
|
| Top of the 1st over - 0 runs, 1 hit, 0 errors, 2 left on base; Mississippi State University 0 - Coastal Carolina University 0 |
| BOTTOM OF THE 1ST |
|
Coastal Carolina University Chanticleers batting - Pitching for Mississippi State University Bulldogs : RHP Ricky Mendoza
|
|
Pitching: RHP Ricky Mendoza
|
|
|
Batting: RHB Tatsunori Ishigaki
|
0-0: Ball 1-0: Foul Ball, location: 2F 1-1: Ball 2-1: Called Strike 2-2: Strikes out looking
|
|
Batting: LHB Orlando Hurtado
|
0-0: Ball 1-0: Called Strike 1-1: Ground out 6-3 (Groundball, 56D, EV 89.4 MPH)
|
|
Batting: RHB Dennis Bennett
|
0-0: Swinging Strike 0-1: Foul Ball, location: 2F 0-2: Strikes out swinging
|
| Bottom of the 1st over - 0 runs, 0 hits, 0 errors, 0 left on base; Mississippi State University 0 - Coastal Carolina University 0 |
| TOP OF THE 2ND |
|
Mississippi State University Bulldogs batting - Pitching for Coastal Carolina University Chanticleers : RHP Raymond Goodwin
|
|
Batting: LHB Ricardo Ramos
|
0-0: Ground out 5-3 (Groundball, 56, EV 106.2 MPH)
|
|
Batting: RHB Adrian Brown
|
0-0: Foul Ball, location: 2F 0-1: Foul Ball, location: 2F 0-2: Strikes out swinging
|
|
Batting: RHB Bill Petipas
|
0-0: Called Strike 0-1: Called Strike 0-2: Foul Ball, location: 2F 0-2: Strikes out looking
|
| Top of the 2nd over - 0 runs, 0 hits, 0 errors, 0 left on base; Mississippi State University 0 - Coastal Carolina University 0 |
| BOTTOM OF THE 2ND |
|
Coastal Carolina University Chanticleers batting - Pitching for Mississippi State University Bulldogs : RHP Ricky Mendoza
|
|
Batting: RHB Ferri Casteleijn
|
0-0: Ball 1-0: Ball 2-0: Ball 3-0: Called Strike 3-1: Ground out 1-3 (Groundball, 13, EV 71.9 MPH)
|
|
Batting: LHB Jose Peralez
|
0-0: Swinging Strike 0-1: Ball 1-1: Ground out 4-3 (Groundball, 4, EV 109.4 MPH)
|
|
Batting: RHB Isaac Washington
|
0-0: Ball 1-0: Ball 2-0: Called Strike 2-1: Ball 3-1: Base on Balls
|
|
Batting: LHB Gong Tow
|
0-0: Fly out, F7 (Flyball, 7S, EV 76.2 MPH)
|
| Bottom of the 2nd over - 0 runs, 0 hits, 0 errors, 1 left on base; Mississippi State University 0 - Coastal Carolina University 0 |
| TOP OF THE 3RD |
|
Mississippi State University Bulldogs batting - Pitching for Coastal Carolina University Chanticleers : RHP Raymond Goodwin
|
|
Batting: RHB Oscar Vargas
|
0-0: Ball 1-0: Foul Ball, location: 2F 1-1: Called Strike 1-2: Strikes out swinging
|
|
Batting: LHB Danny Shanahan
|
0-0: Ball 1-0: Ball 2-0: Called Strike 2-1: Foul Ball, location: 2F 2-2: Fly out, F8 (Flyball, 89M, EV 96.2 MPH)
|
|
Batting: LHB Vinnie Kalman
|
0-0: Called Strike 0-1: Called Strike 0-2: Ball 1-2: Foul Ball, location: 2F 1-2: Ground out 4-3 (Groundball, 4M, EV 85.6 MPH)
|
| Top of the 3rd over - 0 runs, 0 hits, 0 errors, 0 left on base; Mississippi State University 0 - Coastal Carolina University 0 |
| BOTTOM OF THE 3RD |
|
Coastal Carolina University Chanticleers batting - Pitching for Mississippi State University Bulldogs : RHP Ricky Mendoza
|
|
Batting: RHB Alex Montiel
|
0-0: Ball 1-0: Foul Ball, location: 2F 1-1: Foul Ball, location: 2F 1-2: Ball 2-2: Ground out 1-3 (Groundball, 13, EV 70.6 MPH)
|
|
Batting: RHB Mark Tart
|
0-0: Ground out 5-3 (Groundball, 56S, EV 85.6 MPH)
|
|
Batting: RHB Tatsunori Ishigaki
|
0-0: Foul Ball, location: 2F 0-1: Ball 1-1: Called Strike 1-2: SINGLE (Line Drive, 6MD, EV 97.5 MPH)
|
|
Batting: LHB Orlando Hurtado
|
0-0: Ball 1-0: Ball 2-0: Fly out, F8 (Line Drive, 8LM, EV 96.9 MPH)
|
| Bottom of the 3rd over - 0 runs, 1 hit, 0 errors, 1 left on base; Mississippi State University 0 - Coastal Carolina University 0 |
| TOP OF THE 4TH |
|
Mississippi State University Bulldogs batting - Pitching for Coastal Carolina University Chanticleers : RHP Raymond Goodwin
|
|
Batting: RHB Alvin Abarca
|
0-0: Swinging Strike 0-1: Ball 1-1: Ball 2-1: Ground out 5-3 (Groundball, 56, EV 97.5 MPH)
|
|
Batting: RHB Josh Stene
|
0-0: Called Strike 0-1: Foul Ball, location: 2F 0-2: Ball 1-2: Strikes out swinging
|
|
Batting: RHB Benjamin Alderdice
|
0-0: Ball 1-0: Ball 2-0: Fly out, F7 (Flyball, 78S, EV 91.9 MPH)
|
| Top of the 4th over - 0 runs, 0 hits, 0 errors, 0 left on base; Mississippi State University 0 - Coastal Carolina University 0 |
| BOTTOM OF THE 4TH |
|
Coastal Carolina University Chanticleers batting - Pitching for Mississippi State University Bulldogs : RHP Ricky Mendoza
|
|
Batting: RHB Dennis Bennett
|
0-0: Called Strike 0-1: Ball 1-1: Ball 2-1: Foul Ball, location: 2F 2-2: Foul Ball, location: 2F 2-2: Ball 3-2: SINGLE (Groundball, 4MD, EV 99.4 MPH)
|
|
Batting: RHB Ferri Casteleijn
|
0-0: Ball 1-0: Ball 2-0: Ball 3-0: Foul Ball, location: 2F 3-1: Foul Ball, location: 2F 3-2: Base on Balls Dennis Bennett to second
|
|
Batting: LHB Jose Peralez
|
0-0: Foul Ball, location: 2F 0-1: Called Strike 0-2: Fly out, F8 (Flyball, 8RXD, EV 106.2 MPH) Runner from 2nd tags up, SAFE at 3rd, no throw by CF
|
|
Batting: RHB Isaac Washington
|
0-0: Ball Ferri Casteleijn steals 2nd base 1-0: Fly out, F7 (Line Drive, 7, EV 95.0 MPH) Runner from 3rd tags up, SCORES, throw by LF
|
|
Batting: LHB Gong Tow
|
0-0: Ball 1-0: Ball 2-0: Ball 3-0: Base on Balls
|
|
Batting: RHB Alex Montiel
|
0-0: Ball 1-0: Ball 2-0: SINGLE (Groundball, 6MD, EV 102.5 MPH) Ferri Casteleijn to third Gong Tow to second Runner from 3rd tries for Home, SAFE, throw by CF to home
|
|
Batting: RHB Mark Tart
|
0-0: SINGLE (Groundball, 56S, EV 66.2 MPH) (infield hit) Gong Tow to third Alex Montiel to second
|
|
Batting: RHB Tatsunori Ishigaki
|
0-0: Ball 1-0: Foul Ball, location: 2F 1-1: Fly out, F9 (Flyball, 9S, EV 89.4 MPH)
|
| Bottom of the 4th over - 2 runs, 3 hits, 0 errors, 3 left on base; Mississippi State University 0 - Coastal Carolina University 2 |
| TOP OF THE 5TH |
|
Mississippi State University Bulldogs batting - Pitching for Coastal Carolina University Chanticleers : RHP Raymond Goodwin
|
|
Batting: LHB Ricardo Ramos
|
0-0: Fly out, F7 (Flyball, 7, EV 91.2 MPH)
|
|
Batting: RHB Adrian Brown
|
0-0: Ball 1-0: Ball 2-0: Called Strike 2-1: Fly out, F8 (Flyball, 8LM, EV 86.2 MPH)
|
|
Batting: RHB Bill Petipas
|
0-0: Fly out, F3 (Popup, 3F, EV 55.6 MPH)
|
| Top of the 5th over - 0 runs, 0 hits, 0 errors, 0 left on base; Mississippi State University 0 - Coastal Carolina University 2 |
| BOTTOM OF THE 5TH |
|
Coastal Carolina University Chanticleers batting - Pitching for Mississippi State University Bulldogs : RHP Ricky Mendoza
|
|
Batting: LHB Orlando Hurtado
|
0-0: Fly out, F8 (Flyball, 8RXD, EV 83.1 MPH)
|
|
Batting: RHB Dennis Bennett
|
0-0: Called Strike 0-1: Foul Ball, location: 2F 0-2: Foul Ball, location: 2F 0-2: Ball 1-2: Foul Ball, location: 2F 1-2: Ball 2-2: Ball 3-2: Strikes out swinging
|
|
Batting: RHB Ferri Casteleijn
|
0-0: Ball 1-0: SINGLE (Groundball, 6MD, EV 106.2 MPH)
|
|
Batting: LHB Jose Peralez
|
0-0: Ball Ferri Casteleijn is caught stealing 2nd base 2-6
|
| Bottom of the 5th over - 0 runs, 1 hit, 0 errors, 0 left on base; Mississippi State University 0 - Coastal Carolina University 2 |
| TOP OF THE 6TH |
|
Mississippi State University Bulldogs batting - Pitching for Coastal Carolina University Chanticleers : RHP Raymond Goodwin
|
|
Batting: RHB Oscar Vargas
|
0-0: Reached on error, E5 (Groundball, 56, EV 89.4 MPH)
|
|
Batting: LHB Danny Shanahan
|
0-0: Ball 1-0: Called Strike 1-1: Foul Ball, location: 2F 1-2: Foul Ball, location: 2F 1-2: Grounds into double play, 4-6-3 (Groundball, 4, EV 85.6 MPH)
|
|
Batting: LHB Vinnie Kalman
|
0-0: Ball 1-0: Foul Ball, location: 2F 1-1: Ball 2-1: Foul Ball, location: 2F 2-2: Strikes out swinging
|
| Top of the 6th over - 0 runs, 0 hits, 1 error, 0 left on base; Mississippi State University 0 - Coastal Carolina University 2 |
| BOTTOM OF THE 6TH |
|
Coastal Carolina University Chanticleers batting - Pitching for Mississippi State University Bulldogs : RHP Ricky Mendoza
|
|
Batting: LHB Jose Peralez
|
0-0: Fly out, F7 (Flyball, 7LSF, EV 85.0 MPH)
|
|
Batting: RHB Isaac Washington
|
0-0: Ball 1-0: Ground out 5-3 (Groundball, 5L, EV 87.5 MPH)
|
|
Batting: LHB Gong Tow
|
0-0: Ball 1-0: Foul Ball, location: 2F 1-1: Foul Ball, location: 2F 1-2: Foul Ball, location: 2F 1-2: Ground out 4-3 (Groundball, 4, EV 85.0 MPH)
|
| Bottom of the 6th over - 0 runs, 0 hits, 0 errors, 0 left on base; Mississippi State University 0 - Coastal Carolina University 2 |
| TOP OF THE 7TH |
|
Mississippi State University Bulldogs batting - Pitching for Coastal Carolina University Chanticleers : RHP Raymond Goodwin
|
|
Batting: RHB Alvin Abarca
|
0-0: Ball 1-0: Ball 2-0: Ball 3-0: Called Strike 3-1: SINGLE (Line Drive, 6D, EV 98.8 MPH)
|
|
Batting: RHB Josh Stene
|
0-0: Ball 1-0: Called Strike 1-1: Fly out, F8 (Flyball, 89XD, EV 95.0 MPH)
|
|
Pitching: RHP Tony Jaggie
|
|
|
Batting: RHB Benjamin Alderdice
|
0-0: Called Strike 0-1: Ball 1-1: Foul Ball, location: 2F 1-2: Ball 2-2: Ball 3-2: Strikes out swinging
|
|
Batting: LHB Ricardo Ramos
|
0-0: Called Strike 0-1: Ground out 4-3 (Groundball, 4, EV 93.8 MPH)
|
| Top of the 7th over - 0 runs, 1 hit, 0 errors, 1 left on base; Mississippi State University 0 - Coastal Carolina University 2 |
| BOTTOM OF THE 7TH |
|
Coastal Carolina University Chanticleers batting - Pitching for Mississippi State University Bulldogs : RHP Ricky Mendoza
|
|
Batting: RHB Alex Montiel
|
0-0: Ball 1-0: Foul Ball, location: 2F 1-1: Ball 2-1: Called Strike 2-2: Strikes out looking
|
|
Batting: RHB Mark Tart
|
0-0: SINGLE (Line Drive, 9S, EV 106.9 MPH)
|
|
Batting: RHB Tatsunori Ishigaki
|
0-0: Called Strike Mark Tart steals 2nd base 0-1: Ball 1-1: Foul Ball, location: 2F 1-2: Ball 2-2: Fly out, F8 (Flyball, 78D, EV 100.0 MPH)
|
|
Batting: LHB Orlando Hurtado
|
0-0: Called Strike Mark Tart is caught stealing 3rd base 2-5
|
| Bottom of the 7th over - 0 runs, 1 hit, 0 errors, 0 left on base; Mississippi State University 0 - Coastal Carolina University 2 |
| TOP OF THE 8TH |
|
Mississippi State University Bulldogs batting - Pitching for Coastal Carolina University Chanticleers : RHP Tony Jaggie
|
|
Now at 3B: Tristan Williams
|
|
|
Now in RF: Isaac Washington
|
|
|
Batting: RHB Adrian Brown
|
0-0: Ground out U3 (Groundball, 34, EV 83.8 MPH)
|
|
Batting: RHB Bill Petipas
|
0-0: Foul Ball, location: 2F 0-1: Foul Ball, location: 2F 0-2: Ball 1-2: Foul Ball, location: 2F 1-2: Fly out, F8 (Line Drive, 8RM, EV 102.5 MPH)
|
|
Batting: RHB Oscar Vargas
|
0-0: Ball 1-0: Called Strike 1-1: Ball 2-1: Foul Ball, location: 2F 2-2: Strikes out swinging
|
| Top of the 8th over - 0 runs, 0 hits, 0 errors, 0 left on base; Mississippi State University 0 - Coastal Carolina University 2 |
| BOTTOM OF THE 8TH |
|
Coastal Carolina University Chanticleers batting - Pitching for Mississippi State University Bulldogs : RHP Ricky Mendoza
|
|
Pinch Hitting: LHB Nate Kokx
|
0-0: Ball 1-0: Ball 2-0: Fly out, F7 (Flyball, 7, EV 88.8 MPH)
|
|
Batting: RHB Tristan Williams
|
0-0: Called Strike 0-1: Foul Ball, location: 2F 0-2: Ball 1-2: Ball 2-2: Fly out, F9 (Flyball, 9, EV 90.6 MPH)
|
|
Batting: RHB Ferri Casteleijn
|
0-0: Ball 1-0: SINGLE (Groundball, 25, EV 72.5 MPH) (infield hit)
|
|
Batting: LHB Jose Peralez
|
0-0: Called Strike 0-1: Foul Ball, location: 2F 0-2: Ball 1-2: Ball 2-2: Ball Ferri Casteleijn steals 2nd base 3-2: SINGLE (Line Drive, 7S, EV 103.8 MPH) Ferri Casteleijn to third Runner from 3rd tries for Home, SAFE, throw by LF to home
|
|
Batting: RHB Isaac Washington
|
0-0: Called Strike 0-1: Ball 1-1: Swinging Strike 1-2: Foul Ball, location: 2F 1-2: Strikes out looking
|
| Bottom of the 8th over - 1 run, 2 hits, 0 errors, 1 left on base; Mississippi State University 0 - Coastal Carolina University 3 |
| TOP OF THE 9TH |
|
Mississippi State University Bulldogs batting - Pitching for Coastal Carolina University Chanticleers : RHP Tony Jaggie
|
|
Pitching: RHP Oscar Fajardo
|
|
|
Now at 1B: Justin Klein
|
|
|
Pinch Hitting: RHB Alexis Gallegos
|
0-0: Ground out U3 (Groundball, 34, EV 105.0 MPH)
|
|
Batting: LHB Vinnie Kalman
|
0-0: Ground out 6-3 (Groundball, 6M, EV 86.9 MPH)
|
|
Batting: RHB Alvin Abarca
|
0-0: Ball 1-0: Called Strike 1-1: Ball 2-1: Fly out, F9 (Flyball, 89M, EV 85.0 MPH)
|
| Top of the 9th over - 0 runs, 0 hits, 0 errors, 0 left on base; Mississippi State University 0 - Coastal Carolina University 3 |
|